 Dungeon Crawl Stone Soup version 0.17-a0-1910-g4c791fa (webtiles) character file.

36494 Goblin1989 the Unseen (level 13, -10/72 HPs)
             Began as a Vine Stalker Monk on Sept 26, 2015.
             Was the Champion of Dithmenos.
             Killed from afar by an ice dragon (30 damage)
             ... with a blast of cold
             ... in an ice cave.
             The game lasted 01:24:35 (16745 turns).

Goblin1989 the Unseen (Vine Stalker Monk)          Turns: 16745, Time: 01:24:35

Health: -10/72     AC: 12    Str: 19    XL:     13   Next: 90%
Magic:  0/14       EV: 19    Int: 10    God:    Dithmenos [******]
Gold:   1037       SH:  0    Dex: 21    Spells: 0 memorised, 12 levels left

rFire  + . .     SeeInvis .       - Unarmed
rCold  . . .     Clarity  .     G - +0 ring mail {rF+}
rNeg   + . .     SustAt   .     (no shield)
rPois  .         Gourm    .     z - +2 helmet
rElec  .         Spirit   +     c - +0 cloak
rCorr  .         Warding  .     E - +2 pair of gloves "Suagong" {rN+}
rMut   .         Stasis   .     (no boots)
MR     ++...                    D - amulet of regeneration
Stlth  +++++++++.               t - +4 ring of strength
                                T - ring of protection from magic

@: wreathed by umbra, very resistant to hostile enchantments, incredibly
stealthy
A: fangs 3, regeneration 3, spit poison 1, magic shield, antimagic bite, no
device heal 3, rot immunity
a: Spit Poison, Shadow Step, Shadow Form, Renounce Religion


You were in an ice cave.
You worshipped Dithmenos.
Dithmenos was exalted by your worship.
You were hungry.

You visited 4 branches of the dungeon, and saw 20 of its levels.
You also visited: Ice Cave and Volcano.

You collected 1801 gold pieces.
You spent 764 gold pieces at shops.

Inventory:

Hand weapons
 M - the +1 shortbow of Arrival {speed, rElec rC+ MR+ Str+3}
   (You found it on level 5 of the Lair of Beasts)

   Attacks with this weapon are significantly faster.
   It affects your strength (+3).
   It protects you from cold.
   It insulates you from electricity.
   It affects your resistance to hostile enchantments.
Missiles
 f - 176 arrows (quivered)
 r - 24 arrows of frost
 u - 27 poisoned arrows
Armour
 c - a +0 cloak (worn)
 z - a +2 helmet (worn)
 E - the +2 pair of gloves "Suagong" (worn) {rN+}
   (You bought it in a shop on level 9 of the Dungeon)

   It protects you from negative energy.
 G - a +0 ring mail of fire resistance (worn)
 J - a +2 robe of positive energy
 V - the +1 hat "Ydghifoek" {rC+ Str-5 Stlth+}
   (You found it on level 5 of the Lair of Beasts)

   It affects your strength (-5).
   It protects you from cold.
   It makes you more stealthy.
Jewellery
 k - an uncursed ring of protection from magic
 l - a +5 ring of protection
 t - a +4 ring of strength (right hand)
 A - an uncursed ring of protection from fire
 D - an amulet of regeneration (around neck)
 T - a ring of protection from magic (left hand)
 U - an uncursed ring of fire
Magical devices
 a - a wand of invisibility (0)
 d - a wand of enslavement (9)
 x - a wand of confusion (3)
 C - a wand of digging (9)
 Q - a wand of slowing (10)
Scrolls
 e - 8 scrolls of remove curse
 h - a scroll of magic mapping
 i - 4 scrolls of teleportation
 m - 2 scrolls of enchant weapon
 o - 3 scrolls of recharging
 y - a scroll of blinking
 B - a scroll of fog
 I - a scroll of fear
 S - a scroll of holy word
 W - 2 scrolls of amnesia
Potions
 g - 5 potions of brilliance
 j - 7 potions of curing
 p - 2 potions of ambrosia
 H - a potion of cure mutation
 K - 2 potions of flight
 N - a potion of resistance
Comestibles
 b - 7 bread rations
 n - 12 fruits
 q - 2 beef jerkies
 w - 10 slices of pizza


   Skills:
 - Level 10.2 Fighting
 * Level 9.3 Dodging
 + Level 15.2 Stealth
   Level 0.5 Shields
 + Level 13.9 Unarmed Combat


You had 12 spell levels left.
You didn't know any spells.

Dungeon Overview and Level Annotations

Branches:
Dungeon (11/15)            Temple (1/1) D:4            Lair (6/8) D:11
 Shoals (0/4) Lair:3       Spider (0/4) Lair:3        Slime (0/6) Lair:6
    Orc (2/4) D:9

Altars:
Ashenzari
Cheibriados
Dithmenos
Elyvilon
Fedhas
Gozag
Kikubaaqudgha
Makhleb
Nemelex Xobeh
Okawaru
Qazlal
Ru
Sif Muna
Trog
Vehumet
Xom
Yredelemnul
Zin
The Shining One

Shops:
D:4 *   D:5 :   D:9 ([   D:11 *


Innate Abilities, Weirdness & Mutations

You have razor-sharp teeth.
You regenerate.
When hurt, damage is shared between your health and your magic reserves.
Your bite disrupts and absorbs the magic of your enemies.
Potions and wands cannot restore your health.
You are immune to rotting.
You can spit weak poison.


Message History

You closely miss the ice dragon. You punch the ice dragon.
You bite the ice dragon, but do no damage.
The ice dragon is almost dead.
You barely miss the ice dragon. You bite the ice dragon. You drain its power.
You feel invigorated.
The ice dragon is lightly wounded.
Your shadow hits the ice dragon!
The ice dragon bites you but does no damage.
The ice dragon misses you. The ice dragon completely misses you.
The ice dragon breathes frost at you. The blast of cold hits you!
* * * LOW HITPOINT WARNING * * *
You emit a cloud of dark smoke.
Unknown command.
The ice dragon bites you but does no damage.
The ice dragon closely misses you. The ice dragon completely misses you.
The ice dragon breathes frost at you.
The blast of cold hits the ice dragon.
The ice dragon resists.
The blast of cold hits you!
You die...

.## #..#
#.##
#..##
#..#
##..##
##.##
##..###
#..##
##...#
##..#
###.###
#..##
#..#.##
##.##
##.##..#
#.#.#
#..#..@#
##.##
##...#D##
#..#
#####.D#
##.##
#$##..§#
#..#
##$$##.§#
##.#
#$$$$##§#
##..#
#$$$$#§.#
#.#.#
#$$$§§§.#
##.##
#$$§.§§##


You could see 2 ice dragons.

Vanquished Creatures
  Nessos (Lair:6)
  Snorg (Orc:1)
  A hydra (Lair:6)
  A queen ant (Lair:4)
  Nergalle (Lair:1)
  2 ice statues (IceCv)
  3 hill giants
  The ghost of Duffy the Chiller, an experienced NaIE of Ashenzari (D:5)
  The ghost of Duffy the Conjurer, an experienced NaFE of Sif Muna (D:3)
  A griffon (Lair:2)
  A wolf spider (Lair:3)
  6 elephants
  A black mamba (Lair:3)
  A gargoyle (D:10)
  9 spiny frogs
  A fire drake (Lair:4)
  7 komodo dragons
  A polar bear (Lair:3)
  2 trolls (D:10)
  A merfolk (Lair:3)
  3 two-headed ogres
  A blink frog (D:11)
  2 redbacks (Lair:3)
  A human (D:8)
  2 steam dragons (D:10)
  2 basilisks
  23 yaks
  A deep elf mage (D:10)
  A spriggan (Lair:5)
  8 wolves
  A deep elf fighter (Volcano)
  6 hippogriffs
  Edmund (D:4)
  3 water moccasins
  8 porcupines
  20 soldier ants (Lair:4)
  A black bear (D:8)
  A wasp (D:10)
  A hell hound (Volcano)
  3 phantoms
  3 sky beasts
  2 centaurs
  8 ogres
  16 ice beasts
  10 orc warriors
  A necrophage (D:6)
  7 crocodiles
  14 giant frogs
  A big kobold (D:8)
  3 gnoll sergeants
  3 scorpions
  14 wights
  6 killer bees
  4 giant frog zombies
  2 electric eels (Lair:3)
  A jelly (D:8)
  3 centaur zombies
  5 hounds
  7 orc priests
  2 centaur skeletons
  3 crimson imps
  9 iguanas
  Jessica (D:2)
  A gnoll shaman (D:5)
  6 orc wizards
  15 sheep
  A killer bee zombie (D:9)
  29 worker ants
  A hound zombie (D:10)
  A hound skeleton (D:5)
  A worker ant zombie (D:11)
  15 adders
  42 gnolls
  42 river rats
  3 shadow imps
  An adder skeleton (D:5)
  2 worms (D:2)
  9 giant geckos
  44 orcs
  4 hobgoblins
  31 jackals
  5 quokkas
  12 bats
  2 giant cockroaches
  4 giant newts
  3 goblins
  8 kobolds
  A quokka skeleton (D:7)
  10 rats
550 creatures vanquished.

Vanquished Creatures (others)
  2 hogs (Volcano)
  2 centaurs (Volcano)
  6 fungi (Lair:4)
  5 plants
15 creatures vanquished.

Grand Total: 565 creatures vanquished

Notes
Turn   | Place    | Note
--------------------------------------------------------------
     0 | D:1      | Goblin1989 the Vine Stalker Monk began the quest for the Orb.
     0 | D:1      | Reached XP level 1. HP: 11/11 MP: 2/2
    66 | D:1      | Reached XP level 2. HP: 13/16 MP: 3/3
   650 | D:2      | Reached XP level 3. HP: 15/19 MP: 4/4
   731 | D:2      | Noticed Jessica
   742 | D:2      | Killed Jessica
   774 | D:2      | Reached XP level 4. HP: 18/23 MP: 5/5
   999 | D:2      | Reached skill level 5 in Unarmed Combat
  1136 | D:2      | Found a glowing silver altar of Zin.
  1520 | D:3      | Noticed Duffy's ghost (experienced NaFE)
  1543 | D:4      | Noticed an ogre
  1573 | D:4      | Noticed Edmund
  1601 | D:4      | Killed Edmund
  1601 | D:4      | Reached skill level 5 in Stealth
  1601 | D:4      | Reached skill level 6 in Unarmed Combat
  1601 | D:4      | Reached XP level 5. HP: 18/27 MP: 6/6
  1606 | D:4      | Gained mutation: You heal very quickly. [Vine Stalker growth]
  1606 | D:4      | Reached XP level 6. HP: 13/32 MP: 7/7
  1720 | D:4      | Killed an ogre
  1748 | D:4      | Found Jonus's General Store.
  1761 | D:4      | Bought a scroll of remove curse for 30 gold pieces
  1761 | D:4      | Bought a scroll of blinking for 75 gold pieces
  1804 | D:4      | Found a staircase to the Ecumenical Temple.
  1845 | D:4      | Reached skill level 7 in Unarmed Combat
  1845 | D:4      | Reached XP level 7. HP: 26/35 MP: 6/8
  1861 | Temple   | Entered the Ecumenical Temple
  1878 | Temple   | Became a worshipper of Dithmenos the Shadowed
  1878 | Temple   | Acquired Dithmenos's first power
  2154 | D:5      | Entered Level 5 of the Dungeon
  2154 | D:5      | Found Guapok's Book Shop.
  2405 | D:5      | Noticed Duffy's ghost (experienced NaIE)
  2492 | D:4      | Reached skill level 8 in Unarmed Combat
  2503 | D:4      | Gained mutation: You have razor-sharp teeth. [Vine Stalker growth]
  2503 | D:4      | Reached XP level 8. HP: 21/39 MP: 5/9
  3214 | D:3      | Killed Duffy's ghost
  3214 | D:3      | Reached skill level 9 in Unarmed Combat
  3773 | D:5      | Acquired Dithmenos's second power
  4003 | D:6      | Reached skill level 10 in Unarmed Combat
  4003 | D:6      | Reached XP level 9. HP: 43/43 MP: 10/10
  5394 | D:5      | Killed Duffy's ghost
  5394 | D:5      | Reached skill level 5 in Fighting
  5394 | D:5      | Reached skill level 10 in Stealth
  5498 | D:5      | Reached XP level 10. HP: 53/53 MP: 11/11
  5514 | D:5      | Acquired Dithmenos's third power
  5994 | D:8      | Reached skill level 11 in Unarmed Combat
  6141 | D:8      | Found a glowing golden altar of the Shining One.
  6209 | D:8      | Acquired Dithmenos's fourth power
  6461 | D:8      | Found a stormy altar of Qazlal.
  6466 | D:8      | Found an ancient bone altar of Kikubaaqudgha.
  6469 | D:8      | Found a glowing golden altar of the Shining One.
  6472 | D:8      | Found an opulent altar of Gozag.
  6815 | D:9      | Found Rasemnan's Armour Shop.
  6815 | D:9      | Found a staircase to the Orcish Mines.
  6848 | D:9      | Found Hatwogee's Weapon Shop.
  6863 | D:9      | Bought the +2 pair of gloves "Suagong" {rN+} for 359 gold pieces
  7181 | D:9      | Found a sacrificial altar of Ru.
  7246 | D:10     | Entered Level 10 of the Dungeon
  7266 | D:10     | Noticed a hill giant
  7274 | D:10     | Killed a hill giant
  7324 | D:10     | Reached XP level 11. HP: 60/60 MP: 12/12
  7638 | D:10     | HP: 3/60 [gargoyle/flail (7)]
  7639 | D:10     | Reached skill level 12 in Stealth
  8010 | D:4      | Bought an uncursed amulet of regeneration for 300 gold pieces
  8557 | D:11     | Found a staircase to the Lair.
  8611 | D:11     | Found Gozag's Platinum Reserve.
  8717 | D:11     | Found an opulent altar of Gozag.
  9129 | D:11     | Noticed a hill giant
  9133 | D:11     | Killed a hill giant
  9237 | Lair:1   | Entered Level 1 of the Lair of Beasts
  9398 | Lair:1   | Reached skill level 10 in Fighting
  9460 | Lair:1   | Noticed Nergalle
  9506 | Lair:1   | Killed Nergalle
 10062 | Lair:2   | Gained mutation: You regenerate. [Vine Stalker growth]
 10062 | Lair:2   | Reached XP level 12. HP: 67/67 MP: 13/13
 10067 | Lair:2   | Reached skill level 13 in Stealth
 10084 | Lair:2   | Found a dark tunnel.
 10098 | Volcano  | Entered a volcano
 10662 | Lair:2   | Got a scorched leather armour
 10673 | Lair:2   | Identified the +1 leather armour of the Abyss {Str+2} (You found it on level 2 of the Lair of Beasts)
 12008 | Lair:3   | Reached skill level 5 in Dodging
 12285 | Lair:3   | Found a staircase to the Shoals.
 12461 | Lair:3   | Found a snail-covered altar of Cheibriados.
 12647 | Lair:3   | Found a hole to the Spider Nest.
 13076 | Lair:5   | Reached skill level 14 in Stealth
 13161 | Lair:5   | Got an ancient hat
 13172 | Lair:5   | Identified the +1 hat "Ydghifoek" {rC+ Str-5 Stlth+} (You found it on level 5 of the Lair of Beasts)
 13252 | Lair:5   | Reached XP level 13. HP: 64/72 MP: 14/14
 13313 | Lair:5   | Got a crude shortbow
 13320 | Lair:5   | Identified the +1 shortbow of Arrival {speed, rElec rC+ MR+ Str+3} (You found it on level 5 of the Lair of Beasts)
 14412 | Lair:6   | Noticed Nessos
 14423 | Lair:6   | Killed Nessos
 14450 | Lair:6   | Gained mutation: You can spit weak poison. [potion of beneficial mutation]
 14518 | Lair:6   | Found a staircase to the Slime Pits.
 14932 | Lair:4   | Noticed a queen ant
 15117 | Lair:4   | Killed a queen ant
 15393 | Lair:4   | Reached skill level 15 in Stealth
 15833 | Orc:1    | Entered Level 1 of the Orcish Mines
 15949 | Orc:1    | Noticed Snorg
 15962 | Orc:1    | HP: 3/72 [Snorg (3)]
 15995 | Orc:1    | Killed Snorg
 16333 | Orc:2    | Found a frozen archway.
 16344 | IceCv    | Entered an ice cave
 16745 | IceCv    | Killed from afar by an ice dragon

Vault maps used:
D:1:      saegor_arrival_miasma, grunt_decor_mini_mirrors
D:2:      zin_treasury, serial_bayou_pond_e, uniq_jessica
D:4:      temple_green, serial_shops, nicolae_shop_statue_plus, uniq_edmund
D:5:      lemuel_castle_with_subvaults, serial_shops, shop, first_bread
D:8:      grunt_temple_overflow_cloverleaf, basic_altar, grunt_pizzeria
D:9:      orc_david_3, nicolae_ru_the_path_less_chosen
D:10:     minmay_four_partial_circles
D:11:     dpeg_lair_monsters, nicolae_gozag_zags_fifth_avenue
Temple:   water_room_temple_a_12
Lair:1:   serial_bayou_shore_b, uniq_nergalle
Lair:2:   nicolae_volcano_entry_two_sided, st_stairs_5
Lair:3:   elwin_shoals_entry_rooms, spider_nest_entry_funnel_web, basic_altar,
          roderic_lost_polar_bear, serial_bayou_shore_b,
          infiniplex_staircase_pool_2, serial_bayou_shore_a
Lair:4:   minivault_29
Lair:5:   grunt_forest_large_clearing_hut, grunt_megastairs_4
Lair:6:   slime_dummy, minmay_lindwurm_lava, lemuel_fruit_fields, uniq_nessos
Orc:1:    uniq_maurice, uniq_snorg
Orc:2:    portal_ice_cave_entry_pillars_01, enter_bailey_3
IceCv:    ice_cave_small_dragons
Volcano:  volcano_village

Action                   |  1- 3 |  4- 6 |  7- 9 | 10-12 | 13-15 || total
-------------------------+-------+-------+-------+-------+-------++-------
Melee: Unarmed           |    69 |    91 |   339 |   904 |   464 ||  1867
Invok: Shadow Step       |       |       |       |     2 |     1 ||     3
 Abil: Spit Poison       |       |       |       |       |     1 ||     1
Evoke: Wand              |       |     2 |    14 |     4 |    10 ||    30
  Use: Potion            |       |     5 |     2 |     6 |     6 ||    19
       Scroll            |       |       |    10 |    13 |     6 ||    29
 Stab: Sleeping          |     6 |     5 |    14 |    64 |    13 ||   102
       Distracted        |       |     1 |     4 |     6 |     3 ||    14
       Confused          |       |     1 |     1 |       |       ||     2
       Invisible         |       |       |       |     5 |     3 ||     8
  Eat: Chunk             |       |     2 |     7 |     9 |     3 ||    21
       Royal jelly       |       |       |     1 |       |       ||     1
       Meat ration       |       |       |     1 |     3 |     2 ||     6
       Pizza             |       |       |     1 |       |       ||     1
       Beef jerky        |       |       |       |       |     1 ||     1
